TOP OF THE 1ST |
Lannister United Lionhearts batting - Pitching for Phoenix Hotspur Youth : LHP Joey Dudley
|
Pitching: LHP Joey Dudley
|
|
Batting: RHB Héctor Ruíz
|
0-0: Bunt missed! 0-1: Ball 1-1: SINGLE (Line Drive, 56D)
|
Batting: RHB Carlos Pacheco
|
0-0: Ball 1-0: Fly out, F8 (Flyball, 89XD)
|
Batting: LHB Eduardo Álvarez
|
0-0: Ball 1-0: Ball 2-0: Foul Ball, location: 2F 2-1: Swinging Strike 2-2: Strikes out swinging
|
Batting: RHB Javier Chávez
|
0-0: Called Strike Héctor Ruíz steals 2nd base 0-1: DOUBLE (Line Drive, 9LM) Héctor Ruíz scores
|
Batting: LHB Carl Duncan
|
0-0: Ball 1-0: Called Strike 1-1: Ball 2-1: Ball 3-1: Base on Balls
|
Batting: LHB Aurelio Aurillo
|
0-0: Ball 1-0: Called Strike 1-1: Swinging Strike 1-2: Ball 2-2: Foul Ball, location: 2F 2-2: SINGLE (Groundball, 23) (infield hit) Javier Chávez to third Carl Duncan to second
|
Batting: LHB Kenko Ueda
|
0-0: Fielders Choice at 2nd, 6-4 (Groundball, 6)
|
Top of the 1st over - 1 run(s), 3 hit(s), 0 error(s), 2 left on base; Lannister United 1 - Phoenix Hotspur 0 |
BOTTOM OF THE 1ST |
Phoenix Hotspur Youth batting - Pitching for Lannister United Lionhearts : RHP Rodger de Meza
|
Pitching: RHP Rodger de Meza
|
|
Batting: LHB Arthur Ryan
|
0-0: Ball 1-0: Ball 2-0: Foul Ball, location: 2F 2-1: SINGLE (Groundball, 15S) (infield hit)
|
Batting: LHB Derek Blair
|
0-0: Foul Ball, location: 2F 0-1: Ball 1-1: Ball 2-1: Called Strike 2-2: Foul Ball, location: 2F 2-2: Fielders Choice at 2nd, 4-6 (Groundball, 34)
|
Batting: RHB António Padilla
|
0-0: Ball 1-0: Called Strike 1-1: Ball 2-1: Swinging Strike Passed Ball! Derek Blair to second 2-2: Strikes out looking
|
Batting: RHB Júlio Mateo
|
0-0: Foul Ball, location: 2F 0-1: Ball 1-1: Fly out, F8 (Flyball, 8RD)
|
Bottom of the 1st over - 0 run(s), 1 hit(s), 0 error(s), 1 left on base; Lannister United 1 - Phoenix Hotspur 0 |
TOP OF THE 2ND |
Lannister United Lionhearts batting - Pitching for Phoenix Hotspur Youth : LHP Joey Dudley
|
Batting: RHB Sancho Balderas
|
0-0: Called Strike 0-1: Ball 1-1: Foul Ball, location: 2F 1-2: Foul Ball, location: 2F 1-2: DOUBLE (Line Drive, 9LM)
|
Batting: LHB José Tamayo
|
0-0: Called Strike 0-1: Called Strike 0-2: Ball 1-2: Strikes out swinging
|
Batting: RHB Héctor Ruíz
|
0-0: Swinging Strike 0-1: Swinging Strike 0-2: Ball 1-2: Strikes out looking
|
Batting: RHB Carlos Pacheco
|
0-0: Called Strike 0-1: Ball 1-1: Fly out, F2 (Popup, 2RF)
|
Top of the 2nd over - 0 run(s), 1 hit(s), 0 error(s), 1 left on base; Lannister United 1 - Phoenix Hotspur 0 |
BOTTOM OF THE 2ND |
Phoenix Hotspur Youth batting - Pitching for Lannister United Lionhearts : RHP Rodger de Meza
|
Batting: SHB Pedro Gómez
|
0-0: Fly out, F8 (Flyball, 8LS)
|
Batting: RHB Ángel Rivera
|
0-0: Called Strike 0-1: Ball 1-1: SINGLE (Line Drive, 6D)
|
Batting: RHB David Rivas
|
0-0: Swinging Strike 0-1: Swinging Strike 0-2: Ball 1-2: Ball 2-2: Foul Ball, location: 2F 2-2: Foul Ball, location: 2F 2-2: Foul Ball, location: 2F 2-2: Foul Ball, location: 2F 2-2: Fly out, F9 (Flyball, 89S)
|
Batting: RHB Jesús Álvarez
|
0-0: Ball 1-0: Called Strike 1-1: Swinging Strike 1-2: Foul Ball, location: 2F 1-2: Strikes out looking
|
Bottom of the 2nd over - 0 run(s), 1 hit(s), 0 error(s), 1 left on base; Lannister United 1 - Phoenix Hotspur 0 |
TOP OF THE 3RD |
Lannister United Lionhearts batting - Pitching for Phoenix Hotspur Youth : LHP Joey Dudley
|
Batting: LHB Eduardo Álvarez
|
0-0: Ball 1-0: Ball 2-0: Swinging Strike 2-1: Ground out 6-3 (Groundball, 6)
|
Batting: RHB Javier Chávez
|
0-0: Fly out, F9 (Flyball, 89S)
|
Batting: LHB Carl Duncan
|
0-0: Called Strike 0-1: Ball 1-1: Ball 2-1: Foul Ball, location: 2F 2-2: Ball 3-2: Fly out, F9 (Flyball, 9LD)
|
Top of the 3rd over - 0 run(s), 0 hit(s), 0 error(s), 0 left on base; Lannister United 1 - Phoenix Hotspur 0 |
BOTTOM OF THE 3RD |
Phoenix Hotspur Youth batting - Pitching for Lannister United Lionhearts : RHP Rodger de Meza
|
Batting: RHB Satoshi Terada
|
0-0: Fly out, F9 (Flyball, 9M)
|
Batting: LHB Arthur Ryan
|
0-0: Ball 1-0: Ball 2-0: Foul Ball, location: 2F 2-1: Swinging Strike 2-2: Foul Ball, location: 2F 2-2: Ground out 6-3 (Groundball, 6M)
|
Batting: LHB Derek Blair
|
0-0: Called Strike 0-1: Ball 1-1: Foul Ball, location: 2F 1-2: Ball 2-2: Ball 3-2: Foul Ball, location: 2F 3-2: Strikes out swinging
|
Bottom of the 3rd over - 0 run(s), 0 hit(s), 0 error(s), 0 left on base; Lannister United 1 - Phoenix Hotspur 0 |
TOP OF THE 4TH |
Lannister United Lionhearts batting - Pitching for Phoenix Hotspur Youth : LHP Joey Dudley
|
Batting: LHB Aurelio Aurillo
|
0-0: Ball 1-0: Ball 2-0: Swinging Strike 2-1: Ball 3-1: Ground out 1-3 (Groundball, 13S)
|
Batting: LHB Kenko Ueda
|
0-0: Called Strike 0-1: Ball 1-1: Called Strike 1-2: Foul Ball, location: 2F 1-2: Ball 2-2: Strikes out swinging
|
Batting: RHB Sancho Balderas
|
0-0: Foul Ball, location: 2F 0-1: Swinging Strike 0-2: Strikes out swinging
|
Top of the 4th over - 0 run(s), 0 hit(s), 0 error(s), 0 left on base; Lannister United 1 - Phoenix Hotspur 0 |
BOTTOM OF THE 4TH |
Phoenix Hotspur Youth batting - Pitching for Lannister United Lionhearts : RHP Rodger de Meza
|
Batting: RHB António Padilla
|
0-0: Ball 1-0: Swinging Strike 1-1: Ground out U3 (Groundball, 3)
|
Batting: RHB Júlio Mateo
|
0-0: Ball 1-0: Foul Ball, location: 2F 1-1: Fly out, F6 (Line Drive, 6)
|
Batting: SHB Pedro Gómez
|
0-0: Called Strike 0-1: Ball 1-1: Ground out 4-3 (Groundball, 34)
|
Bottom of the 4th over - 0 run(s), 0 hit(s), 0 error(s), 0 left on base; Lannister United 1 - Phoenix Hotspur 0 |
TOP OF THE 5TH |
Lannister United Lionhearts batting - Pitching for Phoenix Hotspur Youth : LHP Joey Dudley
|
Batting: LHB José Tamayo
|
0-0: Called Strike 0-1: Called Strike 0-2: Ball 1-2: Strikes out swinging
|
Batting: RHB Héctor Ruíz
|
0-0: Fly out, F7 (Flyball, 7M)
|
Batting: RHB Carlos Pacheco
|
0-0: Ball 1-0: SINGLE (Groundball, 34)
|
Batting: LHB Eduardo Álvarez
|
0-0: Foul Ball, location: 2F 0-1: Foul Ball, location: 2F 0-2: Ball 1-2: Ball 2-2: Ball 3-2: Foul Ball, location: 2F 3-2: Fly out, F8 (Flyball, 8RM)
|
Top of the 5th over - 0 run(s), 1 hit(s), 0 error(s), 1 left on base; Lannister United 1 - Phoenix Hotspur 0 |
BOTTOM OF THE 5TH |
Phoenix Hotspur Youth batting - Pitching for Lannister United Lionhearts : RHP Rodger de Meza
|
Batting: RHB Ángel Rivera
|
0-0: Called Strike 0-1: Foul Ball, location: 2F 0-2: Ball 1-2: Foul Ball, location: 2F 1-2: Strikes out swinging
|
Batting: RHB David Rivas
|
0-0: Foul Ball, location: 2F 0-1: Ball 1-1: Ground out 4-3 (Groundball, 4M)
|
Batting: RHB Jesús Álvarez
|
0-0: Ball 1-0: Foul Ball, location: 2F 1-1: Ground out 6-3 (Groundball, 6M)
|
Bottom of the 5th over - 0 run(s), 0 hit(s), 0 error(s), 0 left on base; Lannister United 1 - Phoenix Hotspur 0 |
TOP OF THE 6TH |
Lannister United Lionhearts batting - Pitching for Phoenix Hotspur Youth : LHP Joey Dudley
|
Batting: RHB Javier Chávez
|
0-0: Swinging Strike 0-1: Foul Ball, location: 2F 0-2: Ball 1-2: Foul Ball, location: 2F 1-2: Strikes out looking
|
Batting: LHB Carl Duncan
|
0-0: Foul Ball, location: 2F 0-1: Ball 1-1: Ball 2-1: Called Strike 2-2: Ball 3-2: Fly out, F8 (Flyball, 8RXD)
|
Batting: LHB Aurelio Aurillo
|
0-0: Called Strike 0-1: Ground out U3 (Groundball, 3)
|
Top of the 6th over - 0 run(s), 0 hit(s), 0 error(s), 0 left on base; Lannister United 1 - Phoenix Hotspur 0 |
BOTTOM OF THE 6TH |
Phoenix Hotspur Youth batting - Pitching for Lannister United Lionhearts : RHP Rodger de Meza
|
Batting: RHB Satoshi Terada
|
0-0: Ball 1-0: SINGLE (Flyball, 9LS)
|
Batting: LHB Arthur Ryan
|
0-0: Sac Bunt - play at second, runner OUT! 1-6
|
Batting: LHB Derek Blair
|
0-0: Ball 1-0: Called Strike 1-1: Ball 2-1: Called Strike 2-2: SINGLE (Flyball, 8LS) Arthur Ryan to second Arthur Ryan to third
|
Batting: RHB António Padilla
|
0-0: Ball 1-0: Fly out, F9 (Flyball, 89M) Runner from 3rd tags up, SCORES, no throw
|
Batting: RHB Júlio Mateo
|
0-0: Called Strike 0-1: Fielders Choice at 2nd, U6 (Groundball, 6M)
|
Bottom of the 6th over - 1 run(s), 2 hit(s), 0 error(s), 1 left on base; Lannister United 1 - Phoenix Hotspur 1 |
TOP OF THE 7TH |
Lannister United Lionhearts batting - Pitching for Phoenix Hotspur Youth : LHP Joey Dudley
|
Pinch Hitting: RHB Pedro Herrera
|
0-0: Foul Ball, location: 2F 0-1: Swinging Strike 0-2: Foul Ball, location: 2F 0-2: Ball 1-2: Strikes out swinging
|
Batting: RHB Sancho Balderas
|
0-0: Called Strike 0-1: Ball 1-1: SINGLE (Line Drive, 6MD)
|
Pinch Hitting: RHB Brian King
|
0-0: Ball 1-0: Called Strike 1-1: Called Strike Throwing error on steal attempt, E2 Sancho Balderas to third 1-2: Ball 2-2: Strikes out swinging
|
Batting: RHB Héctor Ruíz
|
0-0: Ball 1-0: Swinging Strike 1-1: Ball 2-1: Ball 3-1: Base on Balls
|
Batting: RHB Carlos Pacheco
|
0-0: Foul Ball, location: 2F 0-1: Fly out, F8 (Line Drive, 8RD)
|
Top of the 7th over - 0 run(s), 1 hit(s), 1 error(s), 2 left on base; Lannister United 1 - Phoenix Hotspur 1 |
BOTTOM OF THE 7TH |
Phoenix Hotspur Youth batting - Pitching for Lannister United Lionhearts : RHP Rodger de Meza
|
Now at 2B: Pedro Herrera
|
|
Now in RF: Brian King
|
|
Batting: SHB Pedro Gómez
|
0-0: Ground out U3 (Groundball, 3S)
|
Batting: RHB Ángel Rivera
|
0-0: Called Strike 0-1: Foul Ball, location: 2F 0-2: Ball 1-2: Ground out 5-3 (Groundball, 56)
|
Batting: RHB David Rivas
|
0-0: Called Strike 0-1: SINGLE (Line Drive, 3D)
|
Pinch Hitting: SHB Roberto López
|
0-0: Ball David Rivas is caught stealing 2nd base
|
Bottom of the 7th over - 0 run(s), 1 hit(s), 0 error(s), 0 left on base; Lannister United 1 - Phoenix Hotspur 1 |
TOP OF THE 8TH |
Lannister United Lionhearts batting - Pitching for Phoenix Hotspur Youth : LHP Joey Dudley
|
Pitching: LHP Bryan Jones
|
|
Now at 2B: Roberto López
|
|
Pinch Hitting: RHB Joe Runyon
|
0-0: SINGLE (Line Drive, 4D)
|
Batting: RHB Javier Chávez
|
0-0: Ball 1-0: Called Strike 1-1: Ball 2-1: Foul Ball, location: 2F 2-2: Strikes out swinging
|
Batting: LHB Carl Duncan
|
0-0: Ball Wild Pitch! Joe Runyon to second 1-0: Intentional Walk
|
Pinch Runner at 2nd Gabriel Córdova:
|
|
Pinch Hitting: RHB Edgar Carrillo
|
0-0: Called Strike 0-1: Swinging Strike 0-2: Ball 1-2: Foul Ball, location: 2F 1-2: Fly out, F7 (Flyball, 78XD) Runner from 2nd tags up, SAFE at 3rd, no throw
|
Batting: RHB Pedro Herrera
|
0-0: Fly out, F6 (Popup, 6)
|
Top of the 8th over - 0 run(s), 1 hit(s), 0 error(s), 2 left on base; Lannister United 1 - Phoenix Hotspur 1 |
BOTTOM OF THE 8TH |
Phoenix Hotspur Youth batting - Pitching for Lannister United Lionhearts : RHP Rodger de Meza
|
Pitching: RHP Félix Torres
|
|
Now at 1B: Gabriel Córdova
|
|
Now in LF: Curt Monroe
|
|
Batting: SHB Roberto López
|
0-0: Ball 1-0: Swinging Strike 1-1: Called Strike 1-2: Ball 2-2: Ball 3-2: Strikes out swinging
|
Batting: RHB Satoshi Terada
|
0-0: Ball 1-0: Foul Ball, location: 2F 1-1: Ball 2-1: Foul Ball, location: 2F 2-2: Ball 3-2: Foul Ball, location: 2F 3-2: Strikes out swinging passed ball, reaches first!
|
Batting: LHB Arthur Ryan
|
0-0: Called Strike 0-1: Ball 1-1: Foul Ball, location: 2F 1-2: Foul Ball, location: 2F 1-2: Strikes out looking
|
Batting: LHB Derek Blair
|
0-0: Ball 1-0: Ground out 4-3 (Groundball, 4)
|
Bottom of the 8th over - 0 run(s), 0 hit(s), 0 error(s), 1 left on base; Lannister United 1 - Phoenix Hotspur 1 |
TOP OF THE 9TH |
Lannister United Lionhearts batting - Pitching for Phoenix Hotspur Youth : LHP Bryan Jones
|
Pitching: LHP Raúl Gonzáles
|
|
Batting: RHB Sancho Balderas
|
0-0: Ball 1-0: Ball 2-0: Ball 3-0: Base on Balls
|
Batting: RHB Brian King
|
0-0: Ball 1-0: Foul Ball, location: 2F 1-1: Swinging Strike 1-2: Foul Ball, location: 2F 1-2: Ball 2-2: Ball 3-2: Strikes out swinging
|
Batting: RHB Héctor Ruíz
|
0-0: Ball 1-0: Swinging Strike 1-1: Ground out 5-3 (Groundball, 56) Sancho Balderas to second
|
Batting: RHB Carlos Pacheco
|
0-0: Ball 1-0: Called Strike 1-1: Foul Ball, location: 2F 1-2: Ball 2-2: Foul Ball, location: 2F 2-2: Strikes out swinging
|
Top of the 9th over - 0 run(s), 0 hit(s), 0 error(s), 1 left on base; Lannister United 1 - Phoenix Hotspur 1 |
BOTTOM OF THE 9TH |
Phoenix Hotspur Youth batting - Pitching for Lannister United Lionhearts : RHP Félix Torres
|
Batting: RHB António Padilla
|
0-0: Fly out, F7 (Flyball, 7LM)
|
Batting: RHB Júlio Mateo
|
0-0: Foul Ball, location: 2F 0-1: Called Strike 0-2: Foul Ball, location: 2F 0-2: Foul Ball, location: 2F 0-2: Strikes out swinging
|
Batting: SHB Pedro Gómez
|
0-0: Ball 1-0: Fly out, F7 (Flyball, 78M)
|
Bottom of the 9th over - 0 run(s), 0 hit(s), 0 error(s), 0 left on base; Lannister United 1 - Phoenix Hotspur 1 |
TOP OF THE 10TH |
Lannister United Lionhearts batting - Pitching for Phoenix Hotspur Youth : LHP Raúl Gonzáles
|
Batting: LHB Gabriel Córdova
|
0-0: Ball 1-0: Called Strike 1-1: Foul Ball, location: 2F 1-2: Fly out, F5 (Popup, 5F)
|
Batting: RHB Javier Chávez
|
0-0: Ball 1-0: Foul Ball, location: 2F 1-1: Ball 2-1: Ball 3-1: Ground out U3 (Groundball, 3)
|
Batting: LHB Carl Duncan
|
0-0: Foul Ball, location: 2F 0-1: Called Strike 0-2: Foul Ball, location: 2F 0-2: Ball 1-2: Strikes out swinging
|
Top of the 10th over - 0 run(s), 0 hit(s), 0 error(s), 0 left on base; Lannister United 1 - Phoenix Hotspur 1 |
BOTTOM OF THE 10TH |
Phoenix Hotspur Youth batting - Pitching for Lannister United Lionhearts : RHP Félix Torres
|
Batting: RHB Ángel Rivera
|
0-0: Ball 1-0: Called Strike 1-1: Foul Ball, location: 2F 1-2: Reached on Error, E3 (Popup, 23)
|
Pinch Hitting: RHB Jesús Mejía
|
0-0: Ball 1-0: Foul Ball, location: 2F 1-1: Ball 2-1: Ground out 5-3 (Groundball, 5S) Ángel Rivera to second
|
Batting: SHB Roberto López
|
0-0: Intentional Walk
|
Batting: RHB Satoshi Terada
|
0-0: Swinging Strike 0-1: Swinging Strike 0-2: Foul Ball, location: 2F 0-2: Ball 1-2: Strikes out looking
|
Batting: LHB Arthur Ryan
|
0-0: Ball 1-0: Foul Ball, location: 2F 1-1: Foul Ball, location: 2F 1-2: Strikes out swinging
|
Bottom of the 10th over - 0 run(s), 0 hit(s), 1 error(s), 2 left on base; Lannister United 1 - Phoenix Hotspur 1 |
TOP OF THE 11TH |
Lannister United Lionhearts batting - Pitching for Phoenix Hotspur Youth : LHP Raúl Gonzáles
|
Pitching: RHP Kevin Samuels
|
|
Now in RF: Javier González
|
|
Pinch Hitting: LHB Shang-de Zhang
|
0-0: SINGLE (Groundball, 4MD) (infield hit)
|
Pinch Hitting: LHB Guy Riley
|
0-0: Sac Bunt - play at first, batter OUT! 5-3 Shang-de Zhang to second
|
Batting: RHB Sancho Balderas
|
0-0: Ball 1-0: Ground out U3 (Groundball, 3S) Shang-de Zhang to third
|
Batting: RHB Brian King
|
0-0: Ball 1-0: Called Strike 1-1: Ground out 5-3 (Groundball, 5L)
|
Top of the 11th over - 0 run(s), 1 hit(s), 0 error(s), 1 left on base; Lannister United 1 - Phoenix Hotspur 1 |
BOTTOM OF THE 11TH |
Phoenix Hotspur Youth batting - Pitching for Lannister United Lionhearts : RHP Félix Torres
|
Now at 2B: António Prieto
|
|
Now in LF: Guy Riley
|
|
Batting: LHB Derek Blair
|
0-0: Ball 1-0: Ball 2-0: Foul Ball, location: 2F 2-1: Foul Ball, location: 2F 2-2: Ground out 4-3 (Groundball, 4MS)
|
Pitching: LHP Manuel Franco
|
|
Batting: RHB António Padilla
|
0-0: Ball 1-0: Ball 2-0: Swinging Strike 2-1: Ball 3-1: Foul Ball, location: 2F 3-2: Base on Balls
|
Batting: RHB Júlio Mateo
|
0-0: Ball 1-0: Called Strike 1-1: Grounds into double play, 5-4-3 (Groundball, 56)
|
Bottom of the 11th over - 0 run(s), 0 hit(s), 0 error(s), 0 left on base; Lannister United 1 - Phoenix Hotspur 1 |
TOP OF THE 12TH |
Lannister United Lionhearts batting - Pitching for Phoenix Hotspur Youth : RHP Kevin Samuels
|
Pinch Hitting: SHB Pedro Alfiche
|
0-0: Ground out 6-3 (Groundball, 6)
|
Batting: RHB Carlos Pacheco
|
0-0: Ball 1-0: Ball 2-0: Ball 3-0: Called Strike 3-1: Base on Balls
|
Batting: LHB Gabriel Córdova
|
0-0: Ball 1-0: Foul Ball, location: 2F 1-1: 2-RUN HOME RUN (Flyball, 89XD), Distance : 387 ft
|
Batting: RHB Javier Chávez
|
0-0: Swinging Strike 0-1: Fly out, F7 (Line Drive, 7M)
|
Batting: LHB Carl Duncan
|
0-0: Called Strike 0-1: Swinging Strike 0-2: Ball 1-2: Foul Ball, location: 2F 1-2: Ball 2-2: Fly out, F9 (Flyball, 9LD)
|
Top of the 12th over - 2 run(s), 1 hit(s), 0 error(s), 0 left on base; Lannister United 3 - Phoenix Hotspur 1 |
BOTTOM OF THE 12TH |
Phoenix Hotspur Youth batting - Pitching for Lannister United Lionhearts : LHP Manuel Franco
|
Now at 1B: Pedro Alfiche
|
|
Batting: SHB Pedro Gómez
|
0-0: Fly out, F8 (Flyball, 8LD)
|
Batting: RHB Ángel Rivera
|
0-0: Ball 1-0: Called Strike 1-1: Foul Ball, location: 2F 1-2: SINGLE (Line Drive, 6D)
|
Batting: RHB Javier González
|
0-0: Ball 1-0: Ground out 6-3 (Groundball, 6MS) Ángel Rivera to second
|
Batting: SHB Roberto López
|
0-0: Called Strike 0-1: Ball 1-1: Ball 2-1: Ball 3-1: Foul Ball, location: 2F 3-2: Fly out, F8 (Flyball, 8LM)
|
Bottom of the 12th over - 0 run(s), 1 hit(s), 0 error(s), 1 left on base; Lannister United 3 - Phoenix Hotspur 1 |
|